 Dungeon Crawl Stone Soup version 0.29-a0-559-g359e09b9d1 (webtiles) character file.

Game seed: 2027766473154280223

24 xian the Slasher (level 2, -3/22 HPs)
             Began as a Demonspawn Gladiator on June 10, 2022.
             Slain by Terence
             ... wielding a +0 mace
              (4 damage)
             ... on level 2 of the Dungeon.
             The game lasted 00:02:20 (981 turns).

xian the Slasher (Demonspawn Gladiator)              Turns: 981, Time: 00:02:20

Health: -3/22      AC:  5    Str: 14    XL:     2   Next: 79%
Magic:  2/2        EV: 12    Int:  9    God:
Gold:   99         SH:  4    Dex: 14    Spells: 1/1 levels left

rFire   . . .      SeeInvis .   a - +0 long sword
rCold   . . .      Faith    .   (no shield)
rNeg    . . .      Spirit   .   b - +0 leather armour
rPois   .          Reflect  .   c - +0 helmet
rElec   .          Harm     .   f - scarf {repulsion}
rCorr   .          Rampage  .   g - +0 pair of gloves
Will    .....                   (no boots)
Stlth   +.........              (no amulet)
HPRegen 0.07/turn               (no ring)
MPRegen 0.08/turn               (no ring)

@: repel missiles
A: condensation shield
a: no special abilities


You were on level 2 of the Dungeon.
You visited 1 branch of the dungeon, and saw 2 of its levels.

You collected 99 gold pieces.

Inventory:

Hand Weapons
 a - a +0 long sword (weapon)
Missiles
 d - 3 throwing nets
 e - a javelin (quivered)
Armour
 b - a +0 leather armour (worn)
 c - a +0 helmet (worn)
 f - a scarf of repulsion (worn)
 g - a +0 pair of gloves (worn)
Wands
 k - a wand of iceblast (8)
Potions
 i - a potion of attraction


   Skills:
 + Level 2.0 Fighting
 + Level 3.1 Long Blades
 + Level 1.9 Throwing
 + Level 0.6 Armour
 + Level 3.0 Dodging


You had one spell level left.
You didn't know any spells.
Your spell library contained the following spells:

 Spells                   Type           Power      Damage    Failure   Level
 Beastly Appendage        Tmut           0%         N/A       45%         1
 Magic Dart               Conj           0%         1d3       45%         1
 Call Imp                 Summ           0%         N/A       61%         2
 Ensorcelled Hibernation  Hex/Ice        0%         N/A       61%         2
 Passwall                 Tmut/Erth      0%         N/A       61%         2
 Scorch                   Fire           0%         2d5       61%         2
 Wereblood                Tmut           0%         N/A       61%         2
 Mephitic Cloud           Conj/Pois/Air  0%         N/A       83%         3
 Spider Form              Tmut/Pois      0%         N/A       83%         3
 Swiftness                Air            0%         N/A       83%         3
 Flame Wave               Conj/Fire      0%         2d4       99%         4
 Summon Cactus Giant      Summ           0%         N/A       100%        6


Dungeon Overview and Level Annotations

Branches:
Dungeon (2/15)

Altars:

Annotations:
D:2 Terence


Innate Abilities, Weirdness & Mutations

A meltable shield of frost defends you. (SH +4)


Message History

Terence the Incautious comes into view.
He is wielding a +0 mace and wearing a +2 scale mail of cold resistance.
Terence shouts!
Okay, then.
It was a potion of heal wounds.
You feel much better.
Okay, then.
You aren't carrying any scrolls.
You aren't carrying any scrolls.
You closely miss Terence. Terence hits you with a +0 mace.
You hit Terence.
Terence is lightly wounded.
Terence hits you with a +0 mace. x2
You hit Terence but do no damage.
Terence is lightly wounded.
Terence barely misses you.
You barely miss Terence.
Terence is lightly wounded.
Terence misses you.
You hit Terence but do no damage.
Terence is lightly wounded.
Terence hits you but does no damage.
You barely miss Terence.
Terence is lightly wounded.
Terence hits you with a +0 mace!
* * * LOW HITPOINT WARNING * * *
Terence hits you with a +0 mace.
* * * LOW HITPOINT WARNING * * *
You hit Terence but do no damage.
Terence is lightly wounded.
Terence barely misses you.
You aren't carrying any scrolls.
You feel better. Terence hits you with a +0 mace!
* * * LOW HITPOINT WARNING * * *
You hit Terence but do no damage.
Terence is lightly wounded.
Terence hits you with a +0 mace.
* * * LOW HITPOINT WARNING * * *
You hit Terence but do no damage.
Terence is lightly wounded.
Terence hits you with a +0 mace.
You die...

####### ###########
#.....#########..........
#####.###..@@.......#........
#..... #.###########.#######
......###.####### #.# #
#.....##....#####.# #
###.####.##.......# #
###.####.##.####### ##
#.........#.# #.. .
#.#..###..#.# #.# ## #.##.#
#..#.# #.#


You could see Terence.

Vanquished Creatures
  An adder (D:2)
  A dart slug (D:1)
  2 ball pythons (D:1)
  An endoplasm (D:1)
  2 giant cockroaches (D:1)
  A goblin (D:1)
  A hobgoblin (D:1)
  2 bats (D:1)
  A frilled lizard (D:1)
  A rat (D:1)
13 creatures vanquished.

Notes
Turn   | Place    | Note
-------+----------+-------------------------------------------
     0 | D:1      | xian the Demonspawn Gladiator began the quest for the Orb.
     0 | D:1      | Reached XP level 1. HP: 16/16 MP: 1/1
   175 | D:1      | Gained mutation: A meltable shield of frost defends you.
                  | (SH +4) [demonic ancestry]
   175 | D:1      | Reached XP level 2. HP: 16/22 MP: 2/2
   966 | D:2      | Noticed Terence
   980 | D:2      | HP: 1/22 [Terence/+0 mace (3)]
   981 | D:2      | Slain by Terence

Illustrated notes

Levels and vault maps discovered:
D:1:      lightli_arrival_statue_moat, layout_rooms
D:2:      layout_loops_ring, uniq_terence, uniq_jessica

Skill      XL: |  1  2 |
---------------+-------+-----
Dodging        | 3 |  3.0
Long Blades    | 3 |  3.1
Fighting       | |  2.0
Throwing       | |  1.9
Armour         | |  0.6

Action                   || total
-------------------------++-------
Melee: Long sword        ||    48
Throw: Throwing net      ||     1
  Use: Scroll            ||     4
       Potion            ||     2
Armor: Leather armour    ||    23
Dodge: Dodged            ||    44
Block: Other             ||     5

Table legend: (Time is in decaauts)
 A = Elapsed time spent in this place.
 B = Non-inter-level travel time spent in this place.
 C = Inter-level travel time spent in this place.
 D = Time resting spent in this place.
 E = Time spent auto-exploring this place.
 F = Levels seen in this place.
 G = Mean time per level.
                   A        B        C        D        E       F      G
               +--------+--------+--------+--------+--------+-----+--------+
         Total |    993 |    972 |     21 |    104 |    613 |   2 |  496.5 |
       Dungeon |    993 |    972 |     21 |    104 |    613 |   2 |  496.5 |
               +--------+--------+--------+--------+--------+-----+--------+

Top non-repeatable levels by time:
     D:1: 684 daAuts
     D:2: 308 daAuts
